 Dungeon Sprint DCSS version 0.27.1-33-g824d729ab1 (webtiles) character file.

Game seed: 7484117360618291132

109 Hipnos the Skirmisher (level 4, 0/32 HPs)
             Began as a Gargoyle Berserker on Dec 1, 2021.
             Was a Follower of Trog.
             Slain by Sigmund (9 damage)
             ... in the Dungeon (Sprint I: "Red Sonja").
             The game lasted 00:01:25 (124 turns).

Hipnos the Skirmisher (Gargoyle Berserker)           Turns: 124, Time: 00:01:26

Health: 0/32       AC:  9    Str: 22    XL:     4   Next: 90%
Magic:  4/4        EV: 11    Int:  7    God:    Trog [*.....]
Gold:   54         SH:  0    Dex:  9    Spells: 3/3 levels left

rFire    . . .     SeeInvis .   j - +0 club (spect)
rCold    . . .     Faith    .   (no shield)
rNeg     + . .     Spirit   .   k - +0 ring mail
rPois    ∞         Reflect  .   (no helmet)
rElec    +         Harm     .   (no cloak)
rCorr    .         Rampage  .   (no gloves)
Will     .....     NoTele   +   (no boots)
Stlth    ..........             (no amulet)
HPRegen  0.10/turn              (no ring)
MPRegen  0.09/turn              (no ring)

@: on berserk cooldown, slowed, very slow
A: sickness immunity, AC +3, negative energy resistance 1, electricity
resistance, torment resistance 1, petrification resistance
a: Renounce Religion, Berserk


You were in the Dungeon.
You worshipped Trog.
Trog was aware of your devotion.
You visited 1 branch You collected 54 gold pieces.

Inventory:

Hand Weapons
 a - a +0 mace
 j - a +0 spectral club (weapon)
 l - a +0 giant spiked club
Armour
 b - a +0 animal skin
 k - a +0 ring mail (worn)
Wands
 i - a wand of polymorph (6)
Scrolls
 h - a scroll of blinking
Potions
 c - a potion of curing
 e - a potion of haste
 f - 2 potions of magic
 g - a potion of berserk rage


   Skills:
 + Level 6.9 Fighting
 + Level 6.3 Maces & Flails
 + Level 3.9 Armour
 + Level 2.9 Dodging
 + Level 1.4 Unarmed Combat


You had 3 spell levels left.
You didn't know any spells.
Your spell library was empty.

Dungeon Overview and Level Annotations

Branches:
Dungeon (1/1)

Altars:

Annotations:
D Sigmund


Innate Abilities, Weirdness & Mutations

You are immune to sickness and miasma.
Your stone body is resilient. (AC +3)
You are immune to poison.
You resist negative energy. (rN+)
You are resistant to electric shocks. (rElec)
You are resistant to unholy torment.
You are immune to petrification.


Message History

You bump into the rock wall.
You recover from your berserk rage.
Something hits you!
* * * LOW HITPOINT WARNING * * *
Okay, then.
You feel much better. Something hits you but does no damage.
You feel less confused.
There is an open door here.
A red film seems to cover your vision as you go berserk!
You feel yourself moving faster!
You feel mighty!
You hear some strange, mumbled words.
You are confused.
You bump into the rock wall.
You feel a strong urge to attack something.
Something hits you.
You feel your anger nearly subside. Something hits you.
There is an open door here.
You are no longer berserk.
You are exhausted.
You feel yourself slow down. Something hits you.
There is an open door here.
You feel less confused. Something hits you. Something hits you.
You closely miss something.
Your +0 spectral club hits something but does no damage.
Something hits you!
You hit something.
Your +0 spectral club barely misses something.
Something hits you but does no damage.
You hit something.
Your +0 spectral club barely misses something.
Something hits you.
* * * LOW HITPOINT WARNING * * *
You hit something.
Your +0 spectral club barely misses something.
Something hits you!
You die...

#############
#<.#..†..#.@+
#..'..#..({.#
#..#####'####
#..# #..#
#..# ####
#..# #⌠⌠#
####


You could see a friendly +0 spectral club (summoned).

Vanquished Creatures
  An ogre (D)
  Ijyb (D)
2 creatures vanquished.

Notes
Turn   | Place    | Note
-------+----------+-------------------------------------------
     0 | D        | Hipnos the Gargoyle Berserker began the quest for the Orb.
     0 | D        | Reached XP level 1. HP: 14/14 MP: 1/1
     1 | D        | Noticed Ijyb
     8 | D        | Killed Ijyb
     9 | D        | Reached XP level 2. HP: 20/20 MP: 2/2
    77 | D        | Noticed an ogre
    81 | D        | Killed an ogre
    82 | D        | Reached skill level 1 in Unarmed Combat
    82 | D        | Reached XP level 3. HP: 28/28 MP: 3/3
    82 | D        | Reached XP level 4. HP: 32/32 MP: 4/4
    97 | D        | Noticed Sigmund
   124 | D        | Slain by Sigmund

Illustrated notes

Levels and vault maps discovered:
D:        dungeon_sprint_1 [red_sonja_temple_1, red_sonja_temple_small_1]

Skill      XL: |  1  2 |
---------------+-------+-----
Fighting       | 4 6 |  6.9
Maces & Flails | 4 6 |  6.3
Dodging        | 2 |  2.9
Armour         | 3 |  3.9
Unarmed Combat | 1 |  1.4

Action                   |  1- 3 |  4- 6 || total
-------------------------+-------+-------++-------
Melee: Unarmed           |     5 |       ||     5
       Club              |     3 |     7 ||    10
Invok: Berserk           |     2 |     1 ||     3
  Use: Potion            |       |     1 ||     1
Armor: Ring mail         |       |     4 ||     4
Dodge: Dodged            |     2 |     1 ||     3
